 Dungeon Crawl Stone Soup version 0.31-a0-740-g87205ac768 (webtiles) character file.

Game seed: 15536838602140280063

137 Dittersdorf the Shield-Bearer (level 5, 0/33 HPs)
             Began as a Gargoyle Fighter on Sept 12, 2023.
             Slain by a gnoll
             ... wielding a +0 spear
              (6 damage)
             ... on level 3 of the Dungeon.
             The game lasted 00:01:33 (1400 turns).

Dittersdorf the Shield-Bearer (Gargoyle Fighter)    Turns: 1400, Time: 00:01:34

Health: 0/33       AC: 13    Str: 22    XL:     5   Next: 20%
Magic:  5/5        EV:  8    Int:  8    God:
Gold:   159        SH:  4    Dex:  9    Spells: 4/4 levels left

rFire   . . .        a - +0 flail
rCold   . . .        c - +0 buckler
rNeg    + . .        e - +0 chain mail
rPois   ∞            (no helmet)
rElec   +            (no cloak)
rCorr   .            (no gloves)
SInv    .            (no boots)
Will    .....        (no amulet) Stlth
                     (no ring)
HPRegen 0.25/turn    (no ring)
MPRegen 0.09/turn

%: no passive effects
@: no status effects
A: sickness immunity, AC +4, negative energy resistance 1, electricity
resistance, torment resistance 1, petrification resistance
a: no special abilities


You were on level 3 of the Dungeon.
You visited 1 branch of the dungeon, and saw 3 of its levels.

You collected 159 gold pieces.

Inventory:

Hand Weapons
 a - a +0 flail (weapon)
Armour
 b - a +0 plate armour
 c - a +0 buckler (worn)
 e - a +0 chain mail (worn)
Scrolls
 g - 3 scrolls of enchant armour {unknown}
 h - a scroll of silence {unknown}
 j - a scroll of enchant weapon {unknown}
 l - 2 scrolls of teleportation {unknown}
 m - a scroll of amnesia {unknown}
 n - a scroll of summoning {unknown}
Potions
 d - a potion of might
 f - a potion of brilliance {unknown}
 i - a potion of heal wounds {unknown}
 k - 2 potions of curing {unknown}
 o - a potion of ambrosia {unknown}


   Skills:
 + Level 4.2 Fighting
 + Level 3.0 Maces & Flails
 + Level 4.2 Armour
 + Level 4.2 Shields


You had 4 spell levels left.
You didn't know any spells.
Your spell library was empty.

Dungeon Overview and Level Annotations

Branches:
Dungeon (3/15)

Altars:


Innate Abilities, Weirdness & Mutations

You are immune to sickness and miasma.
Your stone body is resilient. (AC +4)
You are immune to poison.
You resist negative energy. (rN+)
You are resistant to electric shocks. (rElec)
You are resistant to unholy torment.
You are immune to petrification.


Message History

You block the gnoll's attack. The gnoll hits you with a +0 club.
The kobold barely misses you. The goblin hits you but does no damage.
You sock the gnoll!
You kill the gnoll!
You block the gnoll's attack.
The gnoll hits you from afar with a +0 spear.
You block the gnoll's attack. You block the kobold's attack.
The goblin hits you but does no damage.
You are too injured to fight recklessly!
You are too injured to fight recklessly!
You are too injured to fight recklessly!
You are too injured to fight recklessly!
You are too injured to fight recklessly!
You are too injured to fight recklessly!
You are too injured to fight recklessly!
You are too injured to fight recklessly!
You are too injured to fight recklessly!
You are too injured to fight recklessly!
You are too injured to fight recklessly!
You are too injured to fight recklessly!
You are too injured to fight recklessly!
You are too injured to fight recklessly!
You are too injured to fight recklessly!
You are too injured to fight recklessly!
You are too injured to fight recklessly!
The gnoll attacks as it pursues you!
The gnoll hits you from afar with a +0 spear.
The kobold throws a stone.
The stone barely misses you. You block the gnoll's attack.
The gnoll attacks as it pursues you! The gnoll hits you with a +0 club.
The gnoll hits you from afar with a +0 spear.
The gnoll attacks as it pursues you! You block the gnoll's attack.
The gnoll attacks as it pursues you! The gnoll hits you but does no damage.
The gnoll attacks as it pursues you! The gnoll hits you with a +0 club.
* * * LOW HITPOINT WARNING * * *
The gnoll attacks as it pursues you! The gnoll hits you with a +0 whip.
* * * LOW HITPOINT WARNING * * *
The gnoll attacks as it pursues you!
The gnoll hits you from afar with a +0 spear.
You die...

..#####.### ......<...## #...#
#.##....†..#### #..$#
#.##..#)......# #...###
...^........#.## #.....
...............#######...#####.
........#....#.#..K............
..................ggK..........
........†...##.#@gg.J........>.
.......##.#.##.#####.#)..#.###
.......##......# #.#.........
###########.#### #.#)..#.####
#.# #.#...# .. ## #.# #......
## .# #######.# #....... .#
#....<..# #..?.....
.####.####..# .#.......#


You could see 3 gnolls, an endoplasm, a goblin and 2 kobolds.

Vanquished Creatures
  A hound (D:2)
  A gnoll (D:3)
  6 adders
  7 endoplasms
  3 giant cockroaches
  6 goblins
  3 hobgoblins
  5 kobolds
  A quokka (D:1)
  5 ball pythons
  3 bats
  5 frilled lizards
  2 rats
48 creatures vanquished.

Notes
Turn   | Place    | Note
-------+----------+-------------------------------------------
     0 | D:1      | Dittersdorf the Gargoyle Fighter began the quest for the
                  | Orb.
     0 | D:1      | Reached XP level 1. HP: 14/14 MP: 1/1
    54 | D:1      | Reached XP level 2. HP: 17/19 MP: 2/2
   823 | D:2      | Reached XP level 3. HP: 23/23 MP: 3/3
   869 | D:2      | Reached XP level 4. HP: 26/29 MP: 4/4
  1286 | D:3      | Reached XP level 5. HP: 29/33 MP: 5/5
  1400 | D:3      | Slain by a gnoll

Illustrated notes

Levels and vault maps discovered:
D:1:      minmay_arrival_radiant_lines, layout_basic
D:2:      layout_rooms
D:3:      layout_loops_cross, vehumet_statue, dk_yredelemnul_ordeal,
          kennysheep_orc_chapel

Skill      XL: |  1  2  3  4 |
---------------+-------------+-----
Armour         | 4 |  4.2
Shields        | 4 |  4.2
Fighting       | 4 |  4.2
Maces & Flails | 3 |  3.0

Action                     |  1- 3 |  4- 6 || total
---------------------------+-------+-------++-------
  Melee: Flail             |    77 |    80 ||   157
 Armour: Chain mail        |    61 |    74 ||   135
  Dodge: Dodged            |    25 |    35 ||    60
  Block: Buckler           |     9 |    29 ||    38

Table legend: (Time is in decaauts)
 A = Elapsed time spent in this place.
 B = Non-inter-level travel time spent in this place.
 C = Inter-level travel time spent in this place.
 D = Time resting spent in this place.
 E = Time spent auto-exploring this place.
 F = Levels seen in this place.
 G = Mean time per level.
                   A        B        C        D        E       F      G
               +--------+--------+--------+--------+--------+-----+--------+
         Total |   1447 |   1414 |     33 |      0 |   1068 |   3 |  482.3 |
       Dungeon |   1447 |   1414 |     33 |      0 |   1068 |   3 |  482.3 |
               +--------+--------+--------+--------+--------+-----+--------+

Top non-repeatable levels by time:
     D:1: 833 daAuts
     D:2: 484 daAuts
     D:3: 129 daAuts
